 Dungeon Crawl Stone Soup version 0.17-a0-435-gc4df345 (webtiles) character file.

29880 Ladykiller69 the Cleaver (level 13, -15/100 HPs)
             Began as a Formicid Fighter on Apr 4, 2015.
             Was the Champion of Cheibriados.
             Demolished by a large slime creature (35 damage)
             ... on level 12 of the Dungeon.
             The game lasted 01:08:12 (17510 turns).

Ladykiller69 the Cleaver (Formicid Fighter)        Turns: 17510, Time: 01:08:12

Health: -15/100    AC: 19    Str: 40    XL:     13   Next: 84%
Magic:  11/21      EV: 15    Int: 24    God:    Cheibriados [******]
Gold:   1390       SH: 15    Dex: 25    Spells: 0 memorised, 12 levels left

rFire  . . .     SeeInvis +     b - +1 battleaxe
rCold  + . .     Clarity  .     G - +0 plate armour
rNeg   . . .     SustAb   +     c - +0 shield (curse)
rPois  +         Gourm    .     (helmet unavailable)
rElec  .         Spirit   .     j - +0 cloak {rC+}
rCorr  .         Warding  .     O - +2 pair of gloves
rMut   +         Stasis   +     (no boots)
MR     +....                    T - amulet of resist mutation
Stlth  ..........               J - ring of sustain abilities
                                F - ring of poison resistance

@: very slow, somewhat resistant to hostile enchantments, extremely unstealthy
A: permanent stasis, dig shafts and tunnels, four strong arms, antennae 3
a: Dig, Shaft Self, Bend Time, Temporal Distortion, Slouch, Step From Time,
Renounce Religion


You were on level 12 of the Dungeon.
You worshipped Cheibriados.
Cheibriados was exalted by your worship.
You were hungry.

You visited 3 branches of the dungeon, and saw 17 of its levels.
You also visited: Ice Cave.

You collected 1456 gold pieces.
You spent 66 gold pieces at shops.

Inventory:

Hand weapons
 a - a +1 whip of flaming
 b - a +1 battleaxe (weapon)
 g - a +1 flail of holy wrath
 R - a +2 war axe of draining
Missiles
 y - 11 javelins (quivered)
 W - 26 tomahawks
 X - a throwing net
Armour
 c - a cursed +0 shield (worn)
 j - a +0 cloak of cold resistance (worn)
 G - a +0 plate armour (worn)
 O - a +2 pair of gloves (worn)
Jewellery
 l - a cursed -3 ring of protection {unknown}
 F - a ring of poison resistance (left hand)
 J - a ring of sustain abilities (right hand)
 T - an amulet of resist mutation (around neck)
Magical devices
 I - a wand of fire (13)
 P - a wand of digging (6)
 Q - a wand of confusion (18)
Scrolls
 m - 7 scrolls of remove curse
 p - 3 scrolls of recharging
 q - 2 scrolls of identify
 s - a scroll of enchant armour
 v - a scroll of enchant weapon
 L - a scroll of magic mapping
 Y - a scroll of acquirement {unknown}
 Z - 2 scrolls of vulnerability {unknown}
Potions
 e - 2 potions of might
 f - 2 potions of agility
 h - 3 potions of cancellation
 i - 4 potions of mutation
 n - 5 potions of brilliance
 o - 2 potions of haste
 r - a potion of heal wounds {unknown}
 t - a potion of ambrosia {unknown}
 u - 3 potions of berserk rage {unknown}
 w - a potion of restore abilities {unknown}
 x - a potion of flight {unknown}
 A - a potion of cure mutation {unknown}
 C - a potion of poison {unknown}
 E - a potion of resistance {unknown}
 H - 3 potions of curing
 S - a potion of invisibility {unknown}
Books
 B - a book of Air

   Spells                             Type                      Level
   a - Shock                          Conjuration/Air              1
   b - Swiftness                      Charms/Air                   2
   c - Repel Missiles                 Charms/Air                   2
   d - Flight                         Charms/Air                   3
   e - Static Discharge               Conjuration/Air              3
   f - Lightning Bolt                 Conjuration/Air              5
 D - a book of the Warp

   Spells                             Type                      Level
   a - Recall                         Summoning/Translocation      3
   b - Control Teleport               Charms/Translocation         4
   c - Force Lance                    Conjuration/Translocation    4
   d - Phase Shift                    Translocation                5
   e - Warp Weapon                    Charms/Translocation         5
   f - Gell's Gravitas                Hexes/Translocation          5
   g - Summon Forest                  Summoning/Translocation      5
Comestibles
 d - 7 bread rations
 k - 7 meat rations
 z - 2 beef jerkies
 K - 2 chunks of flesh


   Skills:
 + Level 8.9 Fighting
 * Level 13.8 Axes
 + Level 9.7 Armour
 + Level 6.7 Dodging
 - Level 9.0 Shields
 * Level 11.5 Invocations


You had 12 spell levels left.
You didn't know any spells.

Dungeon Overview and Level Annotations

Branches:
Dungeon (12/15)            Temple (1/1) D:6            Lair (0/8) D:9
    Orc (4/4) D:11            Elf (0/3) Orc:3

Altars:
Ashenzari
Cheibriados
Dithmenos
Elyvilon
Fedhas
Gozag
Kikubaaqudgha
Makhleb
Nemelex Xobeh
Okawaru
Qazlal
Ru
Sif Muna
Trog
Vehumet
Xom
Yredelemnul
Zin
The Shining One
Beogh

Shops:
D:5 }   D:7 *   Orc:3 [

Annotations:
D:6 2 exclusions
D:8 exclusion: 2 doors, Erolcha
D:10 Fannar
Orc:4 Saint Roka


Innate Abilities, Weirdness & Mutations

You are under a permanent stasis effect.
You can dig through walls and to a lower floor.
Your four strong arms can wield two-handed weapons with a shield.
You have a pair of large antennae on your head (SInv).


Message History

The enormous slime creature hits you!!
* * * LOW HITPOINT WARNING * * *
A kobold demonologist comes into view. It is wielding a dagger.
Use which ability? (? or * to list)
You step out of the flow of time.
You return to the normal time flow.
You are feeling hungry.
The slime creature quivers.
You barely miss the slime creature. The slime creature hits you.
* * * LOW HITPOINT WARNING * * *
Two slime creatures merge to form a large slime creature.
You slash the large slime creature!
The large slime creature is lightly wounded.
You barely miss the slime creature. You block the slime creature's attack.
Two slime creatures merge to form a large slime creature.
You slice the large slime creature!!
The large slime creature is moderately wounded.
You hit the large slime creature.
The large slime creature is lightly wounded.
The large slime creature hits you!!
You die...

##.## ##..#
#...# #..##
#..# #..#
#..# #
#JJ###.....
#.@........
#.####..##.
#.# # #.#
#.# #.. ###


You could see 2 large slime creatures.

Vanquished Creatures
  Gastronok (D:11)
  The ghost of McCoppin the Grappler, a powerful TrCK of Xom (IceCv)
  Harold (D:10)
  An ice dragon (Orc:4)
  Erica (D:8)
  An orc high priest (Orc:4)
  2 ice devils (IceCv)
  A hill giant (D:11)
  An unseen horror (shapeshifter) (D:8)
  An ice statue (IceCv)
  An orc knight (Orc:3)
  Pikel (D:8)
  The ghost of krae the Cleaver, an experienced DDBe of Trog (D:8)
  An orc sorcerer (Orc:4)
  A manticore (D:12)
  A cyclops (D:11)
  Maurice (D:10)
  Joseph (D:8)
  An ugly thing (D:11)
  2 gargoyles (D:11)
  9 blue devils (IceCv)
  A polar bear (Orc:4)
  4 trolls
  Grinder (D:4)
  Prince Ribbit (D:8)
  A two-headed ogre (D:8)
  3 slime creatures
  The ghost of ZiggyStardust the Digger, an average GrEE of Vehumet (D:5)
  A spriggan (D:11)
  A wolf spider simulacrum (D:11)
  17 yaks
  A deep elf fighter (D:9)
  A wraith (D:11)
  A steam dragon (D:9)
  A hungry ghost (D:10)
  2 hippogriffs
  A wolf (Orc:4)
  3 wargs
  A water moccasin (D:11)
  The ghost of krae the Insei, an average OpTm (D:3)
  A black bear (D:8)
  3 ice beasts
  23 orc warriors
  6 ogres
  2 sky beasts
  A necrophage (D:11)
  A phantom (D:7)
  5 centaurs
  An eye of draining (D:10)
  A crocodile (D:9)
  4 big kobolds
  9 giant frogs
  A wyvern zombie (D:12)
  A water moccasin zombie (D:6)
  3 scorpions
  4 wights (D:8)
  13 killer bees
  3 hounds (D:7)
  7 crimson imps
  11 jellies
  3 centaur skeletons
  2 giant frog skeletons (D:8)
  24 orc priests
  37 orc wizards
  2 iguanas
  Natasha (thrice) (D:3)
  6 worker ants
  2 hound zombies
  A hound skeleton (D:6)
  A mummy (D:8)
  2 worker ant zombies
  Robin (D:3)
  12 gnolls
  12 adders
  8 white imps (IceCv)
  A giant mite (D:7)
  3 worms
  5 ufetubi (IceCv)
  3 adder zombies
  160 orcs
  21 bats
  2 giant cockroaches
  27 hobgoblins
  17 jackals
  27 kobolds
  13 oozes (D:7)
  9 quokkas
  5 giant geckos
  A giant gecko skeleton (D:7)
  3 giant newts
  A giant spore (D:10)
  31 goblins
  2 jackal zombies (D:8)
  A quokka zombie (D:8)
  22 rats
  6 ballistomycetes
  2 fungi (D:9)
652 creatures vanquished.

Vanquished Creatures (others)
  2 slaves (D:8)
  A white imp (IceCv)
  3 ufetubi (IceCv)
  A bat (D:8)
  A giant spore (D:8)
  A rat (D:10)
  5 fungi
14 creatures vanquished.

Grand Total: 666 creatures vanquished

Notes
Turn   | Place    | Note
--------------------------------------------------------------
     0 | D:1      | Ladykiller69, the Formicid Fighter, began the quest for the Orb.
     0 | D:1      | Reached XP level 1. HP: 18/18 MP: 1/1
   129 | D:1      | Reached XP level 2. HP: 21/25 MP: 2/2
   192 | D:1      | Reached skill level 4 in Shields
   254 | D:1      | Reached XP level 3. HP: 16/30 MP: 3/3
  1104 | D:2      | Reached XP level 4. HP: 37/37 MP: 4/4
  1181 | D:2      | Found a shadowy altar of Dithmenos.
  1285 | D:2      | Found a sparkling altar of Nemelex Xobeh.
  1375 | D:2      | Reached XP level 5. HP: 34/42 MP: 5/5
  1546 | D:2      | Found a sacrificial altar of Ru.
  1546 | D:2      | Found a basalt altar of Yredelemnul.
  1763 | D:3      | Noticed Robin
  1829 | D:3      | Noticed krae's ghost (average OpTm)
  1944 | D:3      | Noticed Natasha
  1953 | D:3      | Killed Natasha
  2032 | D:3      | Noticed Natasha
  2038 | D:3      | Killed Natasha
  2095 | D:3      | Killed Robin
  2196 | D:3      | Reached skill level 5 in Shields
  2196 | D:3      | Reached XP level 6. HP: 43/48 MP: 6/6
  2288 | D:3      | Noticed Natasha
  2291 | D:3      | Killed Natasha
  2501 | D:3      | Killed krae's ghost
  2501 | D:3      | Reached skill level 5 in Armour
  2616 | D:4      | Reached XP level 7. HP: 43/54 MP: 7/7
  2936 | D:4      | Reached skill level 6 in Shields
  3361 | D:4      | Found a burning altar of Makhleb.
  3361 | D:4      | Noticed a cacodemon
  3364 | D:4      | Found a glowing silver altar of Zin.
  3365 | D:4      | Noticed an angel
  3451 | D:4      | Noticed Grinder
  3462 | D:4      | Killed Grinder
  3462 | D:4      | Reached skill level 5 in Axes
  3462 | D:4      | Reached skill level 7 in Shields
  3462 | D:4      | Reached XP level 8. HP: 17/60 MP: 8/8
  3904 | D:5      | Entered Level 5 of the Dungeon
  3905 | D:5      | Noticed ZiggyStardust's ghost (average GrEE)
  3944 | D:5      | Found Niocuo's Quality Used Wands.
  4281 | D:5      | Killed ZiggyStardust's ghost
  4513 | D:5      | Reached skill level 8 in Shields
  5093 | D:5      | Reached XP level 9. HP: 55/65 MP: 9/9
  5161 | D:6      | Reached skill level 9 in Shields
  5731 | D:6      | Found a sparkling altar of Nemelex Xobeh.
  5880 | D:6      | Found a staircase to the Ecumenical Temple.
  6399 | D:6      | You fall through a shaft!
  6425 | D:7      | You fall through a shaft for 2 floors!
  6755 | D:9      | Found a bloodstained altar of Trog.
  6792 | D:9      | Noticed a troll
  6857 | D:9      | You fall through a shaft!
  6857 | D:10     | Entered Level 10 of the Dungeon
  6876 | D:11     | Noticed Gastronok
  6970 | D:10     | Noticed Maurice
  7151 | D:6      | You fall through a shaft!
  7215 | Temple   | Entered the Ecumenical Temple
  7254 | Temple   | Became a worshipper of Cheibriados the Contemplative
  7315 | D:7      | Reached skill level 10 in Axes
  7505 | D:7      | Reached XP level 10. HP: 69/71 MP: 10/10
  7540 | D:7      | Reached skill level 1 in Dodging
  7548 | D:7      | Acquired Cheibriados's first power
  7614 | D:7      | Found a glowing silver altar of Zin.
  7614 | D:7      | Found Fuplex's Hallowed Reliquary.
  7615 | D:7      | Noticed an angel
  7624 | D:7      | Bought 2 potions of curing for 66 gold pieces
  8610 | D:6      | Reached skill level 1 in Invocations
  8734 | D:8      | Noticed krae's ghost (experienced DDBe)
  8756 | D:8      | Killed krae's ghost
  8756 | D:8      | Reached skill level 5 in Fighting
  9255 | D:8      | Noticed an unseen horror
  9265 | D:8      | Killed an unseen horror
  9265 | D:8      | Reached skill level 11 in Axes
  9392 | D:8      | Acquired Cheibriados's second power
  9407 | D:8      | Noticed an orc knight
  9622 | D:8      | Noticed Joseph
  9634 | D:8      | Killed Joseph
  9634 | D:8      | Reached XP level 11. HP: 76/80 MP: 14/14
  9642 | D:8      | Noticed Erolcha
  9647 | D:8      | You fall through a shaft!
  9654 | D:9      | Reached skill level 5 in Invocations
  9717 | D:8      | Acquired Cheibriados's third power
  9790 | D:8      | Noticed Pikel
  9815 | D:8      | Killed Pikel
  9950 | D:8      | Noticed Erica
  9974 | D:8      | Killed Erica
 10085 | D:8      | Noticed Prince Ribbit
 10100 | D:8      | Killed Prince Ribbit
 10453 | D:9      | Found a staircase to the Lair.
 10456 | D:9      | Acquired Cheibriados's fourth power
 10563 | D:9      | Killed a troll
 10974 | D:10     | Noticed Harold
 11035 | D:10     | Killed Harold
 11169 | D:10     | Reached skill level 12 in Axes
 11366 | D:10     | Killed Maurice
 11417 | D:10     | Reached XP level 12. HP: 85/89 MP: 17/17
 11440 | D:10     | Noticed Fannar
 11464 | D:11     | Killed Gastronok
 11693 | D:11     | Reached skill level 5 in Dodging
 11780 | D:11     | Noticed a centaur skeleton
 11790 | D:11     | Killed a centaur skeleton
 11833 | D:11     | Noticed a gargoyle
 11849 | D:11     | Killed a gargoyle
 11910 | D:11     | Found a roughly hewn altar of Beogh.
 11911 | D:11     | Found a staircase to the Orcish Mines.
 11941 | Orc:1    | Entered Level 1 of the Orcish Mines
 12243 | Orc:3    | Found a staircase to the Elven Halls.
 12370 | Orc:3    | Found Giovaang's Antique Armour Shop.
 12495 | Orc:4    | Entered Level 4 of the Orcish Mines
 12552 | Orc:4    | Noticed Saint Roka
 12867 | Orc:4    | Found a frozen archway.
 12867 | Orc:4    | Noticed an ice dragon
 12901 | Orc:4    | Killed an ice dragon
 12915 | Orc:4    | Reached skill level 13 in Axes
 12915 | Orc:4    | Reached XP level 13. HP: 19/98 MP: 20/20
 12928 | IceCv    | Entered an ice cave
 13171 | IceCv    | Noticed McCoppin's ghost (powerful TrCK)
 13816 | IceCv    | Killed McCoppin's ghost
 13816 | IceCv    | Reached skill level 10 in Invocations
 16349 | D:11     | Noticed a hill giant
 16357 | D:11     | Killed a hill giant
 16426 | D:11     | Noticed a wolf spider simulacrum
 16433 | D:11     | Killed a wolf spider simulacrum
 16595 | D:11     | Noticed a cyclops
 16611 | D:11     | Killed a cyclops
 17188 | D:11     | Noticed a gargoyle
 17193 | D:11     | Killed a gargoyle
 17510 | D:12     | Demolished by a large slime creature

Action                   |  1- 3 |  4- 6 |  7- 9 | 10-12 | 13-15 || total
-------------------------+-------+-------+-------+-------+-------++-------
Melee: War axe           |   111 |   175 |   491 |   847 |       ||  1624
       Battleaxe         |       |       |       |   195 |   392 ||   587
Throw: Javelin           |       |       |       |     1 |       ||     1
Invok: Bend Time         |       |       |       |     5 |     1 ||     6
       Slouch            |       |       |       |     1 |       ||     1
       Step From Time    |       |       |       |       |     6 ||     6
 Abil: Dig               |     3 |       |    12 |    14 |    18 ||    47
       Shaft Self        |       |       |     4 |     1 |       ||     5
  Use: Scroll            |       |     3 |       |    14 |       ||    17
       Potion            |       |       |       |     2 |     1 ||     3
 Stab: Distracted        |       |       |       |       |     1 ||     1
  Eat: Chunk             |     1 |     5 |    15 |    16 |     9 ||    46
       Bread ration      |       |       |     1 |       |       ||     1
       Pizza             |       |       |       |       |     2 ||     2
       Royal jelly       |       |       |       |       |     1 ||     1
       Beef jerky        |       |       |       |       |     1 ||     1
